 Dungeon Crawl Stone Soup version 0.20-a0-1114-g33edf32 (console) character file.

4187 nht the Quickloader (level 10, -4/79 HPs)
             Began as a Formicid Hunter on May 6, 2017.
             Was a Priest of Okawaru.
             Slain by a yak (5 damage)
             ... on level 8 of the Dungeon.
             The game lasted 00:14:07 (7282 turns).

nht the Quickloader (Formicid Hunter)               Turns: 7282, Time: 00:14:07

Health: -4/79      AC:  9    Str: 19    XL:     10   Next: 53%
Magic:  0/11       EV: 14    Int: 12    God:    Okawaru [***...]
Gold:   479        SH: 10    Dex: 11    Spells: 9/9 levels left

rFire    + . .     SeeInvis +   x - +2 war axe (freeze)
rCold    . . .     Gourm    .   C - +0 shield
rNeg     . . .     Faith    .   c - +1 leather armour
rPois    +         Spirit   +   (helmet unavailable)
rElec    .         Reflect  .   l - +2 cloak
rCorr    .         Harm     .   (no gloves)
MR       +....                  D - +0 pair of boots
Stlth    +++.......             e - amulet of guardian spirit
Regen    0.3/turn               r - ring of poison resistance
MPRegen  0.2/turn               m - ring of protection from fire

@: heroism
A: permanent stasis, dig shafts and tunnels, four strong arms, antennae 3
a: Dig, Shaft Self, Heroism, Renounce Religion


You were on level 8 of the Dungeon.
You worshipped Okawaru.
Okawaru was most pleased with you.
You were not hungry.

You visited 2 branches of the dungeon, and saw 10 of its levels.

You collected 479 gold pieces.

Inventory:

Hand Weapons
 a - a +1 hand crossbow of freezing
 p - the cursed +2 whip of Dithmenos {elec, Int+2}
   (You found it on level 6 of the Dungeon)

   Occasionally, upon striking a foe, it will discharge some electrical energy
   and cause terrible harm.
   It affects your intelligence (+2).
   It has a curse placed upon it.
 x - a +2 war axe of freezing (weapon)
 B - a +0 battleaxe
Missiles
 d - 10 bolts
Armour
 c - a +1 leather armour (worn)
 l - a +2 cloak (worn)
 C - a +0 shield (worn)
 D - a +0 pair of boots (worn)
Jewellery
 e - an amulet of guardian spirit (around neck)
 m - a ring of protection from fire (right hand)
 o - an uncursed ring of protection from fire
 r - a ring of poison resistance (left hand)
 A - an uncursed ring of flight
Wands
 b - a wand of random effects (9/48)
 u - a wand of disintegration (4/24)
 y - a wand of acid (1/15)
Scrolls
 h - a scroll of immolation
 i - 5 scrolls of identify
 k - a scroll of magic mapping
 n - a scroll of fog
 q - a scroll of remove curse
 t - a scroll of brand weapon
Potions
 s - 2 potions of might
 w - a potion of curing
 z - a potion of brilliance
Comestibles
 f - 5 bread rations
 g - 6 meat rations
 j - a royal jelly
 v - a fruit
 E - 4 chunks of flesh


   Skills:
 + Level 7.2(12.2) Fighting
 * Level 9.3(14.3) Axes
 - Level 10.0(15.0) Crossbows
 - Level 1.7(6.7) Dodging
 - Level 1.2(6.2) Stealth
 + Level 1.0(6.0) Shields
 + Level 1.3 Invocations


You had 9 spell levels left.
You didn't know any spells.

Dungeon Overview and Level Annotations

Branches:
Dungeon (9/15)             Temple (1/1) D:5            Lair (0/6) D:8
    Orc: D:9-12

Altars:
Cheibriados
Dithmenos
Elyvilon
Fedhas
Gozag
Hepliaklqana
Kikubaaqudgha
Makhleb
Nemelex Xobeh
Okawaru
Qazlal
Ru
Sif Muna
Trog
Uskayaw
Vehumet
Wu Jian
Xom
Yredelemnul
Zin

Shops:
D:3 *


Innate Abilities, Weirdness & Mutations

You cannot be hasted, slowed, berserked, paralysed or teleported.
You can dig through walls and to a lower floor.
Your four strong arms can wield two-handed weapons with a shield.
You have a pair of large antennae on your head. (SInv)


Message History

* * * LOW HITPOINT WARNING * * *
You closely miss the yak.
The yak is severely wounded.
You hit the yak but do no damage. You block the yak's attack.
The yak closely misses you.
You hit the yak. You freeze the yak.
The yak is almost dead.
You hit the yak but do no damage. The yak gores you.
* * * LOW HITPOINT WARNING * * *
You slash the yak! You freeze the yak.
You kill the yak!
Okawaru accepts your kill.
Okawaru will gift you ammunition as your piety grows.
Your base Shields skill increases to level 1!
You slash the yak! You freeze the yak. The yak gores you!
* * * LOW HITPOINT WARNING * * *
You barely miss the yak.
The yak is almost dead.
The yak gores you.
You die...

...██.....█......█
...██.....█[.....█
..........'......█
...████████......█
...█........███'██
..<█........█....█
...█........█.>..█
...+........█...Y█
...█........█...@█
...█........█....█
...█........█...██
...█........█...██
...█........█....█
...'........█....█
'███........█....█
...█........█....█
...█........█....█


You could see a yak.

Vanquished Creatures
  Pikel (D:4)
  Eustachio (D:4)
  A yak (D:8)
  A hungry ghost (D:7)
  Menkaure (D:7)
  A steam dragon (D:8)
  A sky beast (D:7)
  2 slaves
  3 ogres
  A phantom (D:7)
  A big kobold (D:8)
  6 bullfrogs
  A gnoll sergeant (D:7)
  A wyvern zombie (D:6)
  7 scorpions
  8 wights (D:8)
  6 howler monkeys
  5 crimson imps
  2 bullfrog zombies
  3 hounds
  4 orc wizards
  Crazy Yiuf (D:5)
  A bullfrog skeleton (D:5)
  An orc priest (D:6)
  A centaur skeleton (D:5)
  2 iguanas
  8 worker ants
  Robin (D:2)
  13 gnolls (D:7)
  7 adders
  A shadow imp (D:8)
  2 oozes
  An adder skeleton (D:3)
  3 worms
  2 dart slugs
  9 leopard geckos
  19 orcs
  A ball python (D:3)
  4 giant cockroaches
  12 goblins
  12 hobgoblins
  2 jackals (D:6)
  6 quokkas
  15 bats
  7 frilled lizards
  A jackal skeleton (D:6)
  12 kobolds
  A leopard gecko zombie (D:6)
  A quokka zombie (D:6)
  12 rats
215 creatures vanquished.

Vanquished Creatures (collateral kills)
  An iguana (D:8)
1 creature vanquished.

Vanquished Creatures (others)
  An adder skeleton (D:5)
1 creature vanquished.

Grand Total: 217 creatures vanquished

Notes
Turn   | Place    | Note
-------+----------+-------------------------------------------
     0 | D:1      | nht the Formicid Hunter began the quest for the Orb.
     0 | D:1      | Reached XP level 1. HP: 16/16 MP: 1/1
   129 | D:1      | Reached XP level 2. HP: 22/22 MP: 2/2
   297 | D:1      | Reached XP level 3. HP: 27/27 MP: 3/3
   688 | D:1      | Reached skill level 5 in Crossbows
  1033 | D:2      | Noticed Robin
  1079 | D:2      | Reached XP level 4. HP: 30/33 MP: 4/4
  1363 | D:2      | Killed Robin
  1594 | D:2      | Reached XP level 5. HP: 38/38 MP: 5/5
  1740 | D:2      | Reached skill level 6 in Crossbows
  2034 | D:3      | Found a blossoming altar of Fedhas.
  2080 | D:3      | Reached XP level 6. HP: 41/44 MP: 6/6
  2195 | D:3      | Found Gozag's Platinum Reserve.
  2245 | D:3      | Found an opulent altar of Gozag.
  2552 | D:4      | Reached skill level 7 in Crossbows
  3052 | D:5      | Entered Level 5 of the Dungeon
  3052 | D:5      | Noticed Pikel
  3052 | D:5      | Noticed a slave
  3052 | D:5      | Noticed a slave
  3052 | D:5      | Noticed a slave
  3057 | D:5      | Noticed a slave
  3062 | D:4      | Killed a slave
  3125 | D:5      | Killed a slave
  3174 | D:5      | Noticed Eustachio
  3194 | D:4      | Killed Pikel
  3194 | D:4      | Reached skill level 9 in Crossbows
  3194 | D:4      | Reached XP level 7. HP: 24/50 MP: 7/7
  3194 | D:4      | Reached XP level 8. HP: 27/56 MP: 8/8
  3306 | D:4      | Killed Eustachio
  3508 | D:5      | Reached skill level 10 in Crossbows
  3784 | D:5      | Reached skill level 5 in Fighting
  3890 | D:5      | Found a staircase to the Ecumenical Temple.
  3906 | Temple   | Entered the Ecumenical Temple
  4201 | D:5      | Found a runed door.
  4437 | D:5      | Noticed Crazy Yiuf
  4440 | D:5      | Killed Crazy Yiuf
  4519 | D:5      | Reached XP level 9. HP: 69/69 MP: 9/9
  4683 | D:6      | Found a bloodstained altar of Trog.
  4724 | D:6      | Found a basalt altar of Yredelemnul.
  4830 | D:6      | Reached skill level 1 in Axes
  4946 | D:6      | Found a shimmering altar of Xom.
  4949 | D:6      | Found an iron altar of Okawaru.
  4964 | D:6      | Became a worshipper of Warmaster Okawaru
  5068 | D:6      | Found a shadowy altar of Dithmenos.
  5461 | D:6      | Got a crystal whip
  5462 | D:6      | Identified the cursed +2 whip of Dithmenos {elec, Int+2} (You found it on level 6 of the Dungeon)
  5489 | D:7      | Reached * piety under Okawaru
  5507 | D:7      | Reached skill level 5 in Axes
  6029 | D:7      | Noticed Menkaure
  6034 | D:7      | Killed Menkaure
  6034 | D:7      | Reached XP level 10. HP: 79/79 MP: 10/10
  6244 | D:7      | Reached ** piety under Okawaru
  6472 | D:8      | Found a staircase to the Lair.
  6915 | D:8      | Found an ornate altar of the Wu Jian Council.
  7229 | D:9      | Reached *** piety under Okawaru
  7229 | D:9      | Reached skill level 1 in Invocations
  7281 | D:8      | Reached skill level 1 in Shields
  7281 | D:8      | HP: 1/79 [yak (9)]
  7282 | D:8      | Slain by a yak

Vault maps used:
D:1:      elethiomel_arrival_maze, serial_bayou_lagoon_a
D:2:      uniq_robin
D:3:      nicolae_gozag_zags_fifth_avenue, first_bread, fedhas_altar_2
D:5:      temple_statues, uniq_crazy_yiuf_cottage, uniq_pikel, uniq_eustachio
D:6:      old_forge, nicolae_dithmenos_through_a_glass_darkly,
          nicolae_overflow_crystal_walls, yredelemnul_altar_generic,
          grunt_temple_overflow_open, corexii_shack, wad_rectangle_vault
D:7:      uniq_menkaure
D:8:      kennysheep_mini_moat, dpeg_oklobed_lair
D:9:      cheibrodos_barr_body, kennysheep_little_box,
          cheibrodos_ashenzari_chains
Temple:   nicolae_temple_figure_eight

Skill      XL: |  1  2  3  4  5  6  7  8  9 10 |
---------------+-------------------------------+-----
Crossbows      | 5 6 9 10 | 10.0
Fighting       | 5 7 |  7.2
Axes           | 6 9 |  9.3
Invocations    | 1 |  1.3
Shields        | 1 |  1.0
Dodging        | |  1.7
Stealth        | |  1.2

Action                   |  1- 3 |  4- 6 |  7- 9 | 10-12 || total
-------------------------+-------+-------+-------+-------++-------
Melee: War axe           |       |       |       |    13 ||    13
 Fire: Hand crossbow     |    62 |   211 |   261 |   127 ||   661
Invok: Heroism           |       |       |       |     1 ||     1
Evoke: Wand              |       |       |     4 |     3 ||     7
  Use: Scroll            |       |    10 |     7 |     3 ||    20
       Potion            |       |     1 |     7 |       ||     8
  Eat: Chunk             |       |    11 |    15 |     4 ||    30
Armor: Leather armour    |     7 |    31 |    27 |     9 ||    74
       Skin              |       |     9 |    92 |       ||   101
Dodge: Dodged            |    18 |    53 |    47 |    26 ||   144
Block: Shield            |       |       |       |     6 ||     6
